[Event "*** Titled Tuesday Blitz"]
[Site "Chess.com"]
[Date "2020.05.05"]
[Round "1"]
[White "eightbyeightchess"]
[Black "pouya21"]
[Result "0-1"]
[WhiteElo "2408"]
[BlackElo "2789"]
[TimeControl "180+1"]
[EndTime "10:06:32 PDT"]
[Termination "pouya21 won by resignation"]

1. e4 c5 2. Nf3 d6 3. d4 cxd4 4. Qxd4 Nf6 5. Bg5 Nc6 6. Bb5 Bd7 7. Bxc6 Bxc6 8. Nc3 e6 9. O-O-O Be7 10. Qd3 O-O 11. Nd4 Rc8 12. f4 Re8 13. f5 e5 14.
Bxf6 Bxf6 15. Nxc6 bxc6 16. Qxd6 Qb6 17. Qa3 Qf2 18. g3 h5 19. Na4 Rb8 20. Rd7 Rbd8 21. Rxd8 Rxd8 22. b3 Qe3+ 23. Kb1 Qxe4 24. Rf1 Qe2 25.
Qc1 e4 26. Re1 Qb5 27. Rxe4 Qxf5 28. Rf4 Qe5 29. Rxf6 Qxf6 30. a3 Qf3 31. Ka2 Qe2 32. Nc3 Qxh2 33. Kb2 Qxg3 34. Qf1 h4 35. Qh1 h3 36.
Qxc6 h2 0-1

[Event "*** Titled Tuesday Blitz"]
[Site "Chess.com"]
[Date "2020.05.05"]
[Round "1"]
[White "Andrei_Belozerov"]
[Black "ajdemipopushi"]
[Result "1-0"]
[WhiteElo "2588"]
[BlackElo "2261"]
[TimeControl "180+1"]
[EndTime "10:06:33 PDT"]
[Termination "Andrei_Belozerov won on time"]

1. e4 c5 2. Nf3 g6 3. d4 cxd4 4.
Nxd4 Bg7 5. Nc3 Nc6 6. Be3 Nf6 7. Bc4 O-O 8. Bb3 Ng4 9. Qxg4 Nxd4 10. Qd1 Nxb3 11.
axb3 d6 12. Qd2 Be6 13. Bh6 Qc7 14. h4 f6 15. Bxg7 Kxg7 16. h5 g5 17. h6+ Kh8 18. Nd5 Bxd5 19. exd5 a6 20. Rh3 Rac8 21. c3 Rg8 22.
Ra4 Rg6 23. Re4 Kg8 24. Rhe3 Re8 25. Qe2 Kf8 26. Qh5 Qb6 27. b4 a5 28. Qh3 axb4 29.
Rxb4 Qc7 30. f4 Qc5 31. f5 1-0

[Event "*** Titled Tuesday Blitz"]
[Site "Chess.com"]
[Date "2020.05.05"]
[Round "1"]
[White "IriBu"]
[Black "Andreikka"]
[Result "0-1"]
[WhiteElo "2465"]
[BlackElo "2961"]
[TimeControl "180+1"]
[EndTime "10:06:34 PDT"]
[Termination "Andreikka won by resignation"]

1. e4 e5 2. Nf3 Nc6 3. d4 exd4 4. c3 Nf6 5. e5 Ne4 6. Qe2 f5 7. exf6 d5 8. Nbd2 d3 9. f7+ Kxf7 10. Qxd3 Nc5 11.
Qe3 Bd6 12. Ng5+ Kg6 13. Bd3+ Nxd3+ 14. Qxd3+ Bf5 15. Qxd5 Qxg5 16. Nf3 Rhe8+ 17. Be3 Rxe3+ 18. fxe3 Qxe3+ 19. Kd1 Be4 20. Nh4+ Kh6 21. Qf7 Rf8 22. Qe6+ Rf6 23. Qg4 Rf2 24. Nf3 Bxf3+ 0-1

[Event "*** Titled Tuesday Blitz"]
[Site "Chess.com"]
[Date "2020.05.05"]
[Round "1"]
[White "MikeKorovin"]
[Black "Barbus89"]
[Result "1-0"]
[WhiteElo "2664"]
[BlackElo "2336"]
[TimeControl "180+1"]
[EndTime "10:06:34 PDT"]
[Termination "MikeKorovin won by checkmate"]

1. Nf3 Nf6 2. Nc3 d5 3. d3 g6 4. Bg5 Bg7 5. e4 O-O 6. Be2 c6 7. e5 Nfd7 8. d4 f6 9. exf6 exf6 10. Bf4 Re8 11. O-O Nf8 12. Qd2 Nbd7 13. Rae1 Ne6 14.
Bg3 Qa5 15. a3 b5 16. Bd3 Nb6 17. h4 Nc4 18. Qc1 Nxa3 19. h5 gxh5 20. Ne2 Nc4 21.
b3 Nb6 22. Nf4 Nxf4 23. Rxe8+ Kf7 24. Rfe1 Nxd3 25. cxd3 Bg4 26. R1e7+ Kg6 27. Nh4# 1-0

[Event "*** Titled Tuesday Blitz"]
[Site "Chess.com"]
[Date "2020.05.05"]
[Round "1"]
[White "wild_cat99"]
[Black "Simoncelli15"]
[Result "1-0"]
[WhiteElo "2571"]
[BlackElo "2240"]
[TimeControl "180+1"]
[EndTime "10:06:34 PDT"]
[Termination "wild_cat99 won by resignation"]

1. Nf3 Nf6 2. c4 e6 3. Nc3 d5 4. e3 a6 5. b3 c5 6. cxd5 Nxd5 7.
Bb2 Nc6 8. Nxd5 Qxd5 9. Bc4 Qd7 10. O-O b5 11. Be2 Bb7 12. Rc1 Bd6 13. Bxg7 Rg8 14.
Bf6 Ne5 15. Bxe5 Bxe5 16. g3 Bd6 17. d4 cxd4 18. Qxd4 Qe7 19. Rfd1 Rd8 20. Qb6 h5 21. Nd4 h4 22. Nc6 hxg3 23. fxg3 Bxc6 24. Qxc6+ Kf8 25. Qxa6 Bxg3 26. Rxd8+ Qxd8 27. Rc8 Bf2+ 28. Kxf2 1-0

[Event "*** Titled Tuesday Blitz"]
[Site "Chess.com"]
[Date "2020.05.05"]
[Round "1"]
[White "mshuaau0"]
[Black "dukicz123"]
[Result "1-0"]
[WhiteElo "2118"]
[BlackElo "2487"]
[TimeControl "180+1"]
[EndTime "10:06:34 PDT"]
[Termination "mshuaau0 won by checkmate"]

1. e4 e5 2. Nf3 Nc6 3. Bc4 Bc5 4.
d3 Nf6 5. Nc3 d6 6. a3 a6 7. h3 h6 8. Nd5 Nxd5 9. Bxd5 Ne7 10. Ba2 Ng6 11. Be3 O-O 12. Bxc5 dxc5 13. Qd2 Qf6 14. O-O-O Nf4 15. Rhg1 Kh7 16. Nh2 Qd6 17.
h4 b5 18. g3 Ne6 19. Ng4 Nd4 20. Ne3 Nf3 21. Qe2 Nxg1 22. Rxg1 Be6 23. Kb1 Bxa2+ 24.
Kxa2 Qe6+ 25. Kb1 c6 26. g4 a5 27. g5 a4 28. gxh6 g6 29. h5 b4 30. Nc4 bxa3 31.
Nxa3 Rab8 32. Qd2 Rb4 33. Qc3 Rfb8 34. Nc4 a3 35. b3 a2+ 36. Ka1 Re8 37. f4 exf4 38.
Qg7# 1-0

[Event "*** Titled Tuesday Blitz"]
[Site "Chess.com"]
[Date "2020.05.05"]
[Round "1"]
[White "youngKID"]
[Black "elisak43"]
[Result "0-1"]
[WhiteElo "2785"]
[BlackElo "2431"]
[TimeControl "180+1"]
[EndTime "10:06:35 PDT"]
[Termination "elisak43 won by resignation"]

1. e4 e5 2. Nf3 Nc6 3. Bb5 a6 4. Ba4 Nf6 5. d3 d6 6. c3 g6 7. O-O Bg7 8. Re1 O-O 9. Nbd2 Nh5 10. Nf1 f5 11. exf5 Bxf5 12. Qb3+ Kh8 13. Qxb7 Ne7 14. d4 e4 15. N3d2 d5 16. Nb3 Ng8 17. Ne3 Qh4 18. Nxf5 Rxf5 19. g3 Qh3 20. Bd7 Raf8 21. Qxd5 Ngf6 22.
Bxf5 gxf5 23. Qc5 Ng4 24. Be3 f4 0-1

[Event "*** Titled Tuesday Blitz"]
[Site "Chess.com"]
[Date "2020.05.05"]
[Round "1"]
[White "Alopekos"]
[Black "Anuar_Is"]
[Result "1-0"]
[WhiteElo "2422"]
[BlackElo "2772"]
[TimeControl "180+1"]
[EndTime "10:06:35 PDT"]
[Termination "Alopekos won by resignation"]

1. e4 c5 2. Nc3 Nc6 3. Nge2 Nf6 4.
d4 cxd4 5. Nxd4 e5 6. Ndb5 d6 7.
Nd5 Nxd5 8. exd5 Ne7 9. a4 Ng6 10. Be2 Be7 11. O-O O-O 12. Kh1 f5 13. f3 Bd7 14. Be3 a6 15. Na3 Rb8 16. Nc4 b5 17. axb5 axb5 18. Na5 Qc7 19. b4 Rbc8 20. c4 bxc4 21.
Bxc4 Kh8 22. b5 Rb8 23. Nc6 Bf6 24. Ra7 Qc8 25. Nxb8 Qxb8 26. Rxd7 Qc8 27. Ra7 Qxc4 28. b6 f4 29. Bg1 e4 30. Qc1 Qb5 31.
Qb1 Qe2 32. Re1 Qd2 33. Qd1 Qb2 34. Rxe4 Nh4 35. Re2 Qb5 36. b7 h5 37. Qe1 Rd8 38. Ra8 Qxb7 39. Rxd8+ Bxd8 40. Re8+ Kh7 41. Rxd8 Qb2 42.
Qxh4 1-0

[Event "*** Titled Tuesday Blitz"]
[Site "Chess.com"]
[Date "2020.05.05"]
[Round "1"]
[White "Borsuk_Konstantin"]
[Black "Antelacus"]
[Result "1-0"]
[WhiteElo "2626"]
[BlackElo "2309"]
[TimeControl "180+1"]
[EndTime "10:06:35 PDT"]
[Termination "Borsuk_Konstantin won by resignation"]

1. d4 Nf6 2. c4 e6 3. Nc3 Bb4 4. Qc2 O-O 5. a3 Bxc3+ 6. Qxc3 b6 7. Bg5 Bb7 8. f3 d5 9. cxd5 exd5 10. e3 Nbd7 11. Bd3 c5 12. Ne2 Rc8 13. Rd1 Ne4 14.
Bxd8 Nxc3 15. Nxc3 Rfxd8 16. Bf5 g6 17. Bh3 f5 18. g4 fxg4 19. Bxg4 c4 20. Be6+ Kg7 21. Bxd5 Bxd5 22. Nxd5 Nf6 23. Nxf6 Kxf6 24. Rc1 Kf5 25.
Ke2 b5 26. h4 a5 27. Rhg1 h6 28. e4+ Kf6 29. Ke3 Rd7 30. d5 Rf8 31. a4 Rb8 32. axb5 Rxb5 33. Rxc4 Rb6 34. Kd4 Rb3 35. Rc6+ Kf7 36.
Rgxg6 Rxf3 37. Rxh6 Kg7 38. Rcg6+ Kf7 39. Rh7+ Kxg6 40.
Rxd7 Rb3 41. Ra7 Rxb2 42. Rxa5 Rh2 43. Ra6+ Kf7 44. e5 Rxh4+ 45. Kc5 Rh1 46. Ra7+ Kg6 47. Kd6 1-0

[Event "*** Titled Tuesday Blitz"]
[Site "Chess.com"]
[Date "2020.05.05"]
[Round "1"]
[White "MrTattaglia"]
[Black "serhanberat_ozdemir"]
[Result "1-0"]
[WhiteElo "2955"]
[BlackElo "2464"]
[TimeControl "180+1"]
[EndTime "10:06:36 PDT"]
[Termination "MrTattaglia won on time"]

1. Nf3 Nf6 2. c4 g6 3. b3 Bg7 4. Bb2 O-O 5. g3 b6 6. Bg2 Bb7 7.
O-O c5 8. Nc3 Nc6 9. d4 cxd4 10.
Nxd4 Rc8 11. Rc1 a6 12. e3 d6 13. h3 Qd7 14. Nde2 Ne5 15. e4 e6 16. Qd2 Rfd8 17.
Rfd1 Qc7 18. a4 Nc6 19. Nd4 Nd7 20. Nd5 Qb8 21. Nxc6 Bxc6 22. Ne7+ Kf8 23. Nxc8 Bxb2 24. Qxb2 Rxc8 25. Qh8+ Ke7 26. Qxh7 Nf6 27. Qh4 Qb7 28.
Rxd6 Kxd6 29. Qxf6 Bxe4 30. Qd4+ 1-0

[Event "*** Titled Tuesday Blitz"]
[Site "Chess.com"]
[Date "2020.05.05"]
[Round "1"]
[White "BilodeauA"]
[Black "Bossche-CM"]
[Result "1-0"]
[WhiteElo "2902"]
[BlackElo "2454"]
[TimeControl "180+1"]
[EndTime "10:06:36 PDT"]
[Termination "BilodeauA won by resignation"]

1. e4 c5 2. Nf3 e6 3. d4 cxd4 4. Nxd4 Nf6 5. Nc3 Qb6 6. Nb3 Nc6 7. Bd3 a6 8. O-O Be7 9. Be3 Qc7 10. f4 d6 11. Qf3 b5 12. a3 Bb7 13. Rad1 h5 14. h3 Rd8 15. Ne2 h4 16. c3 d5 17. e5 Ne4 18.
Nbd4 Nxd4 19. cxd4 b4 20. axb4 Bxb4 21. f5 exf5 22. Qxf5 Qd7 23. Qf3 Rc8 24. Nf4 g5 25. Ne2 g4 26. hxg4 Rg8 27. g5 Rc6 28. Nf4 Nxg5 29. Qh5 h3 30. Rc1 hxg2 31. Nxg2 Rb6 32. Bxg5 Bf8 33. Bf5 Qb5 34. e6 Rg7 35. exf7+ Rxf7 36. Rce1+ 1-0

[Event "*** Titled Tuesday Blitz"]
[Site "Chess.com"]
[Date "2020.05.05"]
[Round "1"]
[White "Jbd735"]
[Black "rpragchess"]
[Result "0-1"]
[WhiteElo "2436"]
[BlackElo "2848"]
[TimeControl "180+1"]
[EndTime "10:06:37 PDT"]
[Termination "rpragchess won on time"]

1. e4 c5 2. Nf3 e6 3. d4 cxd4 4. Nxd4 a6 5. Bd3 Bc5 6. Nb3 Be7 7. Qg4 g6 8. Qe2 d6 9. O-O Qc7 10. Nc3 Nd7 11. f4 b6 12. f5 Ne5 13. Kh1 Nf6 14.
Bg5 O-O 15. Nd4 Bd7 16. Rad1 b5 17. a3 Qd8 18. Bh6 Re8 19. h3 Nh5 20. Qf2 Bh4 21.
Qe3 Ng3+ 22. Kh2 Nxf1+ 23. Rxf1 exf5 24. g3 Bf6 25. Nd5 Bg7 26. Bxg7 Kxg7 27. Qf4 fxe4 28. Bxe4 f5 29. Bg2 Rc8 30. g4 fxg4 31. Nf6 Rf8 0-1

[Event "*** Titled Tuesday Blitz"]
[Site "Chess.com"]
[Date "2020.05.05"]
[Round "1"]
[White "Skatchkov_V"]
[Black "SummertimeFun"]
[Result "1-0"]
[WhiteElo "2552"]
[BlackElo "2202"]
[TimeControl "180+1"]
[EndTime "10:06:37 PDT"]
[Termination "Skatchkov_V won by checkmate"]

1. d4 Nf6 2. c4 e6 3. Nf3 b6 4. g3 Bb7 5. Bg2 Be7 6. O-O O-O 7. d5 exd5 8. Nh4 d6 9. cxd5 Nbd7 10. Nc3 Ne5 11. Nf5 Re8 12. Nxe7+ Qxe7 13. b3 Ng6 14. Bb2 h6 15. Re1 Nd7 16. Qd2 Nde5 17. e4 Nd7 18. f4 h5 19. h3 Nc5 20. Nb5 Ba6 21. Nd4 Nd3 22. Nf5 Qd7 23. Nxg7 Nxb2 24. Qxb2 h4 25. Nxe8 Rxe8 26. Qf2 Bc8 27. gxh4 Qd8 28. h5 Nh4 29. Kh2 Kh7 30. Bh1 Rg8 31. Rg1 Ng2 32.
Rxg2 Rxg2+ 33. Qxg2 Qh4 34. Rf1 Kh8 35. Qg3 Qxh5 36.
Bf3 Qh7 37. Bg4 Qxe4 38. Bxc8 Qe2+ 39. Qg2 Qh5 40. Rg1 Qh7 41. Bf5 Qg8 42. Qxg8# 1-0

[Event "*** Titled Tuesday Blitz"]
[Site "Chess.com"]
[Date "2020.05.05"]
[Round "1"]
[White "Fh2411"]
[Black "ADODOVE"]
[Result "1-0"]
[WhiteElo "2480"]
[BlackElo "1982"]
[TimeControl "180+1"]
[EndTime "10:06:37 PDT"]
[Termination "Fh2411 won on time"]

1. d4 Nf6 2. Nf3 e6 3. c4 c5 4.
Nc3 cxd4 5. Nxd4 d5 6. cxd5 Nxd5 7. Ndb5 Bb4 8. a3 Bxc3+ 9. Nxc3 Nxc3 10. Qxd8+ Kxd8 11. bxc3 Ke7 12. a4 Rd8 13. Ba3+ Ke8 14. e3 Nc6 15. Bb5 Bd7 16. O-O a6 17. Be2 Rac8 18. Rfb1 Na5 19. Bb4 Nc4 20. Ra2 b5 21.
axb5 Bxb5 22. h3 Rd7 23. Rd1 Rcd8 24. Rd4 e5 25. Rxc4 Bxc4 26. Bxc4 Rd1+ 27. Kh2 R1d2 28.
Rxd2 Rxd2 29. Kg3 Kd7 30. Bxa6 Kc6 31. Bc4 f5 32. f3 g5 33. Be6 f4+ 34. exf4 exf4+ 35.
Kh2 h5 36. Bf5 1-0

[Event "*** Titled Tuesday Blitz"]
[Site "Chess.com"]
[Date "2020.05.05"]
[Round "1"]
[White "JoachimMouhamad"]
[Black "Mischuk_D"]
[Result "0-1"]
[WhiteElo "2288"]
[BlackElo "2609"]
[TimeControl "180+1"]
[EndTime "10:06:38 PDT"]
[Termination "Mischuk_D won by checkmate"]

1. e4 c5 2. Nf3 d6 3. d4 cxd4 4.
Nxd4 Nf6 5. Nc3 a6 6. f3 Nc6 7. Be3 h5 8. Qd2 Nxd4 9. Bxd4 e5 10. Be3 Be6 11. Be2 Rc8 12. O-O Be7 13. Nd5 Nxd5 14. exd5 Bf5 15. c4 h4 16. h3 O-O 17. Rac1 Bg6 18.
b4 f5 19. c5 a5 20. a3 axb4 21. axb4 f4 22. Bf2 e4 23. fxe4 Bxe4 24. Qd4 Bf5 25. Bf3 Bf6 26. Qd2 Be5 27. Bd4 Qg5 28. Bxe5 dxe5 29.
Kh1 e4 30. Bd1 e3 31. Qd4 Rce8 32. Bf3 Qg3 33. d6 Bxh3 34. gxh3 Qxh3+ 35. Kg1 Rf6 36. Qd5+ Kf8 37. Rc2 e2 38. Re1 Rg6+ 39. Bg2 f3 40.
Rcxe2 Rxg2+ 41. Rxg2 Qxg2# 0-1

[Event "*** Titled Tuesday Blitz"]
[Site "Chess.com"]
[Date "2020.05.05"]
[Round "1"]
[White "Savagelittlemole"]
[Black "quesfr"]
[Result "1-0"]
[WhiteElo "2575"]
[BlackElo "2244"]
[TimeControl "180+1"]
[EndTime "10:06:38 PDT"]
[Termination "Savagelittlemole won by resignation"]

1. e4 e6 2. d4 d5 3. Nd2 c5 4. Ngf3 cxd4 5. Nxd4 Nf6 6. e5 Nfd7 7. N2f3 Nc6 8.
Nxc6 bxc6 9. Bd3 Be7 10. O-O O-O 11. c3 f6 12. exf6 Bxf6 13. Qc2 g6 14. Bh6 Rf7 15. Bxg6 hxg6 16. Qxg6+ Rg7 17. Bxg7 Bxg7 18. Qxe6+ Kh8 19. Qxc6 Nb6 20. Rad1 Bg4 21. Qg6 Bxf3 22. gxf3 Qf8 23. Qh5+ Kg8 24. Rfe1 Qf7 25. Qg4 Rf8 26. Re3 Nc4 27. Re2 Ne5 28. Rxe5 Qxf3 29. Qxf3 Rxf3 30. Rg5 Kf7 31. Rdxd5 Bf6 32. Rgf5 Rh3 33. Kg2 Rh8 34. Rd3 Ke6 35. Rdf3 Rg8+ 36. Kf1 Be5 37. Rh5 Bd6 38. Re3+ Kd7 39. Rd3 Kc7 40. Rh7+ Kc6 41. Rh6 Rd8 42.
Rhxd6+ Rxd6 43. Rxd6+ Kxd6 44. Ke2 Ke5 45. Ke3 Kf5 46.
h4 1-0

[Event "*** Titled Tuesday Blitz"]
[Site "Chess.com"]
[Date "2020.05.05"]
[Round "1"]
[White "talaicito"]
[Black "Problematique_99"]
[Result "0-1"]
[WhiteElo "2184"]
[BlackElo "2533"]
[TimeControl "180+1"]
[EndTime "10:06:38 PDT"]
[Termination "Problematique_99 won on time"]

1. d4 Nf6 2. Nc3 e6 3. Bf4 d5 4.
e3 a6 5. Nf3 c5 6. dxc5 Bxc5 7.
Bd3 Nc6 8. O-O O-O 9. Ne5 Bd6 10.
Nxc6 bxc6 11. Bxd6 Qxd6 12. e4 Rb8 13. Re1 e5 14. b3 Re8 15. Qe2 Bg4 16. f3 Qc5+ 17.
Kh1 Qxc3 18. fxg4 a5 19. g5 Nxe4 20. Bxe4 dxe4 21. Qxe4 Rbd8 22. Rad1 g6 23. h4 Rd2 24.
Rxd2 Qxd2 25. Re3 Re6 26. h5 Qd1+ 27. Kh2 Qxh5+ 28. Rh3 Qxg5 29. a4 Kg7 30. Rf3 Rf6 31.
Rxf6 Qxf6 32. g3 Qd6 33. Kh3 h5 34. Qc4 Qe6+ 35. Qxe6 fxe6 36. g4 Kf6 37. gxh5 gxh5 38. b4 Ke7 39. bxa5 Kd7 40. a6 Kc7 41. Kh4 e4 42. c4 Kb6 43. c5+ Kxa6 0-1

[Event "*** Titled Tuesday Blitz"]
[Site "Chess.com"]
[Date "2020.05.05"]
[Round "1"]
[White "AttilaTurzo"]
[Black "pma83"]
[Result "1-0"]
[WhiteElo "2521"]
[BlackElo "2148"]
[TimeControl "180+1"]
[EndTime "10:06:38 PDT"]
[Termination "AttilaTurzo won on time"]

1. e4 c5 2. Nf3 g6 3. d4 cxd4 4.
Nxd4 Bg7 5. c4 Nc6 6. Be3 Nf6 7. Nc3 O-O 8. Be2 d6 9. O-O Qa5 10. f3 Bd7 11. Qd2 Rfe8 12. a3 Rac8 13. b4 Qc7 14. Rac1 a6 15. Rfd1 Qb8 16. Nd5 Nxd4 17. Bxd4 Nxd5 18. exd5 b5 19. c5 dxc5 20. bxc5 e5 21.
Bf2 e4 22. fxe4 Rxe4 23. c6 Be8 24. Bf3 Rc4 25. Rxc4 bxc4 26. d6 c3 27. Qe2 Bxc6 28.
Bxc6 Rxc6 29. d7 Rc8 30. dxc8=Q+ Qxc8 31. Qc2 h5 32. h3 Kh7 33. Rd3 Qc4 34. Be1 Bd4+ 35.
Kh1 Bb6 36. Bxc3 Qc5 37. Rd1 Ba5 38. Rc1 Bb6 39. Bb2 Qg5 40. Qc3 1-0

[Event "*** Titled Tuesday Blitz"]
[Site "Chess.com"]
[Date "2020.05.05"]
[Round "1"]
[White "Renegade_Hitman"]
[Black "atalz0"]
[Result "0-1"]
[WhiteElo "2009"]
[BlackElo "2482"]
[TimeControl "180+1"]
[EndTime "10:06:39 PDT"]
[Termination "atalz0 won on time"]

1. c4 e6 2. Nf3 d5 3. d4 a6 4. Nc3 dxc4 5. a4 Nc6 6. e3 Na5 7. Ne5 Nb3 8. Rb1 c5 9. Bxc4 Nxc1 10. Rxc1 Nf6 11. O-O cxd4 12. exd4 Bd6 13. Re1 O-O 14. Qf3 Qb6 15. Ne4 Be7 16. Nxf6+ Bxf6 17. Qe4 Rd8 18. Bd3 g6 19. Rc4 Bd7 20. h4 Be8 21. h5 Rd5 22.
hxg6 hxg6 23. Rec1 Rad8 0-1

[Event "*** Titled Tuesday Blitz"]
[Site "Chess.com"]
[Date "2020.05.05"]
[Round "1"]
[White "WPWPWP-2015"]
[Black "Vaathi_Coming"]
[Result "0-1"]
[WhiteElo "2430"]
[BlackElo "2837"]
[TimeControl "180+1"]
[EndTime "10:06:40 PDT"]
[Termination "Vaathi_Coming won on time"]

1. e4 c5 2. Nf3 e6 3. b3 b6 4.
Bb2 Bb7 5. Qe2 Nc6 6. Qe3 Nf6 7. Bb5 Nb4 8. Bd3 Nxd3+ 9. cxd3 d5 10. Bxf6 Qxf6 11. e5 Qg6 12. d4 Qxg2 13. Rg1 Qh3 14. Nc3 cxd4 15. Nxd4 Qxe3+ 16. dxe3 a6 17. Rc1 Rc8 18.
Ke2 Ba3 19. Rc2 g6 20. Na4 b5 21. Rxc8+ Bxc8 22. Nc3 Bb7 23. Rb1 Bb4 24. Nd1 Kd7 25.
Nc2 Be7 26. b4 Rc8 27. Nd4 f6 28. f4 g5 29. Nf2 gxf4 30. exf4 Rc4 31. exf6 Bxf6 32.
Nf3 Rxf4 33. Nd3 Re4+ 34. Kf2 Be7 35. Nfe5+ Kd6 36. Nf7+ Kc7 37. Rc1+ Kb6 38. Nfe5 Bxb4 39. Nd7+ Ka7 40. Rc7 Bd6 41. Rc4 bxc4 0-1

[Event "*** Titled Tuesday Blitz"]
[Site "Chess.com"]
[Date "2020.05.05"]
[Round "1"]
[White "rogapa"]
[Black "dcann0n88"]
[Result "1-0"]
[WhiteElo "2703"]
[BlackElo "2361"]
[TimeControl "180+1"]
[EndTime "10:06:40 PDT"]
[Termination "rogapa won by resignation"]

1. e4 c5 2. Nf3 e6 3. d4 cxd4 4. Nxd4 Nf6 5. Nc3 d6 6. Be2 Be7 7. Be3 O-O 8. g4 a6 9. g5 Nfd7 10. h4 b5 11. a3 Bb7 12. f4 Nc5 13. Bf3 Nbd7 14. Qe2 Nb6 15. O-O-O Nc4 16. Nc6 Bxc6 17. Bxc5 Qa5 18. Bd4 e5 19. Be3 Nxa3 20. f5 Nc4 21. Kb1 Nxe3 22. Qxe3 f6 23. Nd5 Bd8 24. Qb3 Kh8 25. Rhg1 Rb8 26. Rg3 b4 27. gxf6 Bxf6 28.
Nxf6 Rxf6 29. Rdg1 Rb7 30. Qe3 Qd8 31. Be2 a5 32.
Bc4 a4 33. h5 h6 34. Rg6 a3 35. Rxf6 Qxf6 36. Rg6 Qe7 37. Rxh6+ 1-0

[Event "*** Titled Tuesday Blitz"]
[Site "Chess.com"]
[Date "2020.05.05"]
[Round "1"]
[White "Luibov_AN"]
[Black "SahaNeelash"]
[Result "0-1"]
[WhiteElo "2092"]
[BlackElo "2500"]
[TimeControl "180+1"]
[EndTime "10:06:40 PDT"]
[Termination "SahaNeelash won by resignation"]

1. d4 d6 2. Nf3 Nd7 3. e4 g6 4. c3 Bg7 5. Qc2 a6 6. a4 b6 7. Bc4 e6 8. Bg5 Ne7 9. Nbd2 Bb7 10. O-O h6 11. Be3 O-O 12. Rfe1 Kh7 13. Nf1 Nf6 14. Ng3 Rc8 15. Rad1 Qd7 16. e5 Nfd5 17. Bc1 Rfd8 18.
Bd3 c5 19. exd6 Qxd6 20. Ne4 Qb8 21. dxc5 bxc5 22. Qe2 Qa8 23. a5 e5 24. g3 f5 25.
Ned2 e4 26. Nxe4 fxe4 27. Qxe4 Re8 28. Qh4 Nf5 29. Ng5+ Kg8 30. Bxf5 hxg5 31. Qxg5 gxf5 32. Rxe8+ Rxe8 33. Qxf5 Nf6 34. Bg5 Bh1 35. f3 Qxf3 0-1

[Event "*** Titled Tuesday Blitz"]
[Site "Chess.com"]
[Date "2020.05.05"]
[Round "1"]
[White "chito89"]
[Black "kuba2006"]
[Result "1-0"]
[WhiteElo "2790"]
[BlackElo "2409"]
[TimeControl "180+1"]
[EndTime "10:06:41 PDT"]
[Termination "chito89 won on time"]

1. d4 Nf6 2. c4 d6 3. Nf3 Nbd7 4. Nc3 e5 5. g3 Be7 6. Qc2 O-O 7. Bg2 c6 8. O-O Re8 9. Rd1 Qc7 10. b3 Bf8 11.
d5 cxd5 12. Nxd5 Nxd5 13. Rxd5 Nb6 14. Rd2 d5 15. Ng5 g6 16. cxd5 Qxc2 17. Rxc2 h6 18. Ne4 Kg7 19. Nc3 Bd7 20. Bb2 Nc8 21.
Ne4 Nd6 22. Rc7 Bb5 23. Nc5 Bxe2 24. Ne6+ Kg8 25. Nxf8 Kxf8 26. Ba3 Rad8 27. Rxb7 Kg8 28. Bxd6 Rxd6 29. Rxa7 e4 30. Re1 Bd3 31. Ra5 Red8 32. f3 exf3 33. Bxf3 Bf5 34. Rc5 1-0

[Event "*** Titled Tuesday Blitz"]
[Site "Chess.com"]
[Date "2020.05.05"]
[Round "1"]
[White "Korona_91"]
[Black "EugeneRougon"]
[Result "1-0"]
[WhiteElo "2420"]
[BlackElo "2758"]
[TimeControl "180+1"]
[EndTime "10:06:41 PDT"]
[Termination "Korona_91 won on time"]

1. e4 d6 2. d4 Nf6 3. Nc3 g6 4.
Be3 a6 5. a4 Bg7 6. f3 O-O 7.
Qd2 Nc6 8. Nge2 e5 9. dxe5 Nxe5 10. Ng3 Be6 11. b3 d5 12. Rd1 dxe4 13. Ngxe4 Nxe4 14. Nxe4 Bf5 15. Qb4 Qh4+ 16. Bf2 Qh6 17. Be2 Rfe8 18. O-O Ng4 19. fxg4 Bxe4 20. Bc4 Be5 21.
Bxf7+ Kxf7 22. Be3+ Kg8 23. Bxh6 Bc6 24. Qc4+ Kh8 25. Rfe1 Bf6 26. Qf4 Bc3 27. Rxe8+ Rxe8 28. Bg5 Kg7 29. Qxc7+ Kg8 30. Qf4 1-0

[Event "*** Titled Tuesday Blitz"]
[Site "Chess.com"]
[Date "2020.05.05"]
[Round "1"]
[White "LPSupi"]
[Black "mortngabriel"]
[Result "1-0"]
[WhiteElo "2908"]
[BlackElo "2456"]
[TimeControl "180+1"]
[EndTime "10:06:42 PDT"]
[Termination "LPSupi won on time"]

1. c4 e5 2. d3 Nc6 3. Nf3 Nf6 4. a3 d5 5. cxd5 Nxd5 6. e3 Be7 7. Qc2 Be6 8. Nbd2 O-O 9. b4 a6 10. Bb2 f6 11. Be2 Re8 12. O-O Bf8 13. Rac1 Qd7 14. d4 exd4 15. Nxd4 Nxd4 16. Bxd4 a5 17. Bd3 f5 18.
Nf3 axb4 19. Ng5 bxa3 20. Nxe6 Qxe6 21. Bxf5 Qd6 22. Bxh7+ Kh8 23. Bg6 Re6 24. Bf5 Rh6 25.
g3 a2 26. Rfd1 Be7 27. Ba1 Bf6 28. e4 Nb4 29. Qb3 Qb6 30. e5 Be7 31. Qf7 Rf8 32. Qxe7 Rxf5 33. Bd4 Qb5 34. e6 Rg6 35. Rxc7 1-0

[Event "*** Titled Tuesday Blitz"]
[Site "Chess.com"]
[Date "2020.05.05"]
[Round "1"]
[White "Muracle"]
[Black "Gerasimenyuk_Miha"]
[Result "0-1"]
[WhiteElo "2633"]
[BlackElo "2340"]
[TimeControl "180+1"]
[EndTime "10:06:42 PDT"]
[Termination "Gerasimenyuk_Miha won by checkmate"]

1. d4 d6 2. Nf3 Nf6 3. g3 g6 4. Bg2 Bg7 5. O-O Nc6 6. b3 h5 7. h3 h4 8. g4 Bxg4 9. hxg4 h3 10. Bh1 Nxg4 11. Bb2 h2+ 12. Kg2 Qd7 13. e4 O-O-O 14.
Ng5 e5 15. d5 Nd4 16. Bxd4 exd4 17. Nd2 Bf6 18. Ne6 Ne5 19. f4 fxe6 20. fxe5 Bxe5 21. Qg4 Rde8 22. Nf3 Qb5 23. Ng5 Kb8 24. Nxe6 a5 25. a4 Qb4 26. Rad1 Qc3 27. Rf2 Rh5 28. Rd3 Qe1 29.
Rf1 Qb4 30. Nf4 Rh6 31. Ne2 Reh8 32. Rdf3 Rh4 33. Rf8+ Ka7 34. Qg5 R8h5 35. Qd8 Qd2 36.
Kf2 d3 37. c3 Qxe2# 0-1

[Event "*** Titled Tuesday Blitz"]
[Site "Chess.com"]
[Date "2020.05.05"]
[Round "1"]
[White "cukin84"]
[Black "aakankshachess"]
[Result "0-1"]
[WhiteElo "2054"]
[BlackElo "2492"]
[TimeControl "180+1"]
[EndTime "10:06:42 PDT"]
[Termination "aakankshachess won by resignation"]

1. e4 e5 2. Nf3 Nc6 3. c3 Nf6 4.
d4 d6 5. Be2 exd4 6. cxd4 Be7 7. Nc3 O-O 8. O-O Bg4 9. d5 Bxf3 10. Bxf3 Ne5 11. Be2 c6 12. h3 cxd5 13. exd5 Rc8 14.
Be3 a6 15. Rc1 b5 16. Bg5 h6 17. Bxf6 Bxf6 18. Ne4 Be7 19. Qd2 f5 20. Rxc8 Qxc8 21. Rc1 Qd7 22. Ng3 f4 23. Ne4 f3 24. Bf1 fxg2 25.
Bxg2 Nf3+ 26. Bxf3 Rxf3 27. Ng3 Bg5 28. Qd1 Rxg3+ 29.
fxg3 Bxc1 30. Qxc1 Qxh3 31. Qf4 Qd7 32. Qd4 Qe7 33.
Kh2 Qe2+ 34. Kh3 Qf1+ 35. Kh2 Qe2+ 36. Kh3 Kh7 37. a3 Kg6 38. g4 Qe5 39. Qd3+ Kf7 40. Qf3+ Ke7 41. b4 Qe1 42. Qf5 Qe3+ 43. Kg2 Qe5 44.
Qd3 Kf6 45. Qf3+ Kg5 46. Kh3 h5 47. Qf7 hxg4+ 48. Kg2 Qe2+ 49. Kg1 Qe3+ 50. Kg2 Qf3+ 51. Qxf3 gxf3+ 52. Kxf3 Kf5 0-1

[Event "*** Titled Tuesday Blitz"]
[Site "Chess.com"]
[Date "2020.05.05"]
[Round "1"]
[White "ajian"]
[Black "anon219"]
[Result "0-1"]
[WhiteElo "2403"]
[BlackElo "2780"]
[TimeControl "180+1"]
[EndTime "10:06:43 PDT"]
[Termination "anon219 won by resignation"]

1. d4 Nf6 2. c4 e6 3. Nc3 Bb4 4. Qc2 d5 5. cxd5 Qxd5 6. e3 c5 7. Bd2 Bxc3 8. Bxc3 cxd4 9. Bxd4 Nc6 10. Bc3 O-O 11.
Nf3 Qc5 12. Rc1 Nd5 13. Be2 Bd7 14. O-O Rac8 15. a3 Rfd8 16. Rfd1 Be8 17. Ng5 g6 18.
Ne4 Qe7 19. Qb1 Nxc3 20. Rxc3 f5 21. Nc5 Ne5 22. Rxd8 Rxd8 23. b4 Bc6 24. Rc1 Qg5 25.
Bf1 Nf3+ 26. Kh1 Qh4 27. gxf3 Bxf3+ 28. Bg2 Qxf2 29. Rg1 Rd2 30. Qf1 Qxf1 31. Rxf1 Bxg2+ 32. Kg1 Bxf1 33. Kxf1 b6 34. Nxe6 Rxh2 35. Nc7 Ra2 36. Nb5 a6 37. Nd6 Rxa3 38. Nc4 Rc3 39. Nxb6 Rxe3 40. Nd5 Rb3 41. Ke2 Kf7 42. Kd2 Ke6 43. Nc7+ Kd6 44. Nxa6 f4 45. Ke2 Ke5 46. Kf2 g5 47. Ke2 Kd4 48. Kf2 g4 49. Kg2 h5 50.
Kf2 h4 51. Kg2 h3+ 52. Kh2 Rb2+ 53. Kg1 g3 54. Kf1 h2 0-1